 Dungeon Crawl Stone Soup version 0.29-a0-1027-gcd8c55af63 (webtiles) character file.

Game seed: 9540070585773095873

1094 ragingrage the Cleaver (level 8, 0/58 HPs)
             Began as a Demonspawn Chaos Knight on Aug 13, 2022.
             Was a Plaything of Xom.
             Killed by divine providence
             ... invoked by an orc priest
              (12 damage)
             ... on level 5 of the Dungeon.
             The game lasted 00:05:14 (4743 turns).

ragingrage the Cleaver (Demonspawn Chaos Knight)    Turns: 4743, Time: 00:05:15

Health: 0/58       AC:  8    Str: 20    XL:     8   Next: 10%
Magic:  8/8        EV: 11    Int: 12    God:    Xom [...*..]
Gold:   159        SH:  0    Dex: 13    Spells: 7/7 levels left

rFire   . . .      SeeInvis .   a - +2 dagger (venom)
rCold   . . .      Faith    .   (no shield)
rNeg    . . .      Spirit   .   s - +2 leather armour
rPois   .          Reflect  .   (helmet restricted)
rElec   .          Harm     .   n - +0 cloak
rCorr   .          Rampage  .   (no gloves)
Will    .....                   (no boots)
Stlth   +.........              (no amulet)
HPRegen 0.19/turn               r - +6 ring of strength
MPRegen 0.11/turn               (no ring)

@: no status effects
A: hooves 1, slimy green scales 1, foul stench 2, demonic magic 1, antennae 1,
deterioration 1, dopey 1, sturdy frame 1
a: Renounce Religion


You were on level 5 of the Dungeon.
You worshipped Xom.
You were a favourite toy of Xom.
You visited 1 branch of the dungeon, and saw 5 of its levels.

You collected 159 gold pieces.

Inventory:

Hand Weapons
 a - a +2 dagger of venom (weapon)
 b - a +1 sling of freezing
 w - a +0 war axe
Missiles
 d - 10 poisoned darts (quivered)
 l - 4 curare-tipped darts
 v - 3 atropa-tipped darts
Armour
 n - a +0 cloak (worn)
 s - a +2 leather armour (worn)
Jewellery
 r - a +6 ring of strength (left hand)
Wands
 x - a wand of roots (3)
Scrolls
 g - a scroll of blinking
 m - 3 scrolls of identify
 o - 2 scrolls of poison {unknown}
 q - a scroll of teleportation
 u - a scroll of enchant armour {unknown}
 y - a scroll of fear {unknown}
Potions
 e - a potion of attraction
 f - a potion of degeneration {unknown}
 h - a potion of berserk rage {unknown}
 i - 2 potions of lignification
 j - a potion of curing
 k - a potion of brilliance {unknown}
 p - a potion of heal wounds {unknown}
 t - a potion of invisibility {unknown}
Miscellaneous
 c - a piece from Xom's chessboard (14/15)


   Skills:
 - Level 3.0 Fighting
 + Level 9.2 Axes
 - Level 1.7 Armour
 - Level 0.8 Dodging


You had 7 spell levels left.
You didn't know any spells.
Your spell library contained the following spells:

 Spells                   Type           Power      Damage    Failure   Level
 Magic Dart               Conj           0%         1d3       34%         1
 Slow                     Hex            0%         N/A       34%         1
 Ensorcelled Hibernation  Hex/Ice        0%         N/A       45%         2
 Passwall                 Tmut/Erth      0%         N/A       45%         2
 Searing Ray              Conj           0%         2d4       45%         2
 Confusing Touch          Hex            0%         N/A       71%         3
 Swiftness                Air            0%         N/A       71%         3
 Vampiric Draining        Necr           0%         2d6       71%         3
 Fulminant Prism          Conj/Hex       0%         3d6       98%         4
 Yara's Violent Unravell  Hex/Tmut       0%         3d3       100%        5
 Enfeeble                 Hex            0%         N/A       100%        7


Dungeon Overview and Level Annotations

Branches:
Dungeon (5/15)
 Temple: D:4-7

Altars:
Dithmenos
Xom


Innate Abilities, Weirdness & Mutations

You have large cloven feet.
You are partially covered in slimy green scales. (AC +2)
You sometimes emit foul miasma when damaged in melee.
Spells you cast may paralyse adjacent enemies.
You have a pair of small antennae on your head.
Your body sometimes deteriorates upon taking damage.
You are dopey. (Int -2)
Your movements are slightly less encumbered by armour. (ER -2)


Message History

You swap places.
Your ufetubus hits the orc warrior but does no damage.
Your ufetubus hits the orc warrior.
Your ufetubus barely misses the orc warrior.
Your ufetubus hits the orc warrior but does no damage. x2
Your ufetubus hits the orc warrior. x2
Your ufetubus barely misses the orc warrior.
Something closely misses your ufetubus.
The orc warrior hits your ufetubus with a +0 flail!
Your ufetubus dies!
Your ufetubus degenerates into a cloud of primal chaos!
The orc priest barely misses your ynoxinul.
Your ufetubus barely misses the orc warrior. x2
Your ufetubus hits the orc warrior but does no damage.
Your ufetubus barely misses the orc warrior. x3
Your ynoxinul hits the orc priest!
Your ufetubus hits the orc warrior but does no damage.
Your ufetubus closely misses the orc warrior.
The orc priest closely misses your ynoxinul.
The orc warrior hits your ufetubus with a +0 flail!
Your ufetubus dies!
Your ufetubus disappears in a puff of smoke!
Your ufetubus hits the orc warrior.
Your ufetubus hits the orc warrior but does no damage.
Your ufetubus barely misses the orc warrior.
Your ufetubus hits the orc warrior.
Your ynoxinul gestures.
Your ufetubus hits the orc warrior but does no damage.
Your ufetubus misses the orc warrior.
Your ufetubus hits the orc warrior but does no damage.
Your ufetubus hits the orc warrior.
Your ufetubus closely misses the orc priest. x2
A puff of flame appears from out of thin air!
The puff of flame hits you!
* * * LOW HITPOINT WARNING * * *
The orc warrior barely misses your crimson imp.
The orc priest calls down the wrath of Beogh upon you.
Beogh smites you!
You die... "It's all fun and games until someone loses an eye."

#.# #.# # #.# #.#.#
##g## #.#.# ##5o5##
.... ##.5o3.## ##.#
##..5{5..## ##..#
#.......5.####...#####
+.........'...........
#....@....####...#.###
##.......## #..>#.#
##.....## #.#.#.#
##...## #.#.#.# ##+##
#.....# ###.### #.#


You could see an orc warrior (very poisoned, ally target), an orc priest (ally
target), a gnoll, a friendly ynoxinul (summoned), a friendly crimson imp
(summoned) and 5 friendly ufetubi.

Vanquished Creatures
  A water moccasin (D:5)
  An ogre (D:5)
  A hound (D:4)
  A gnoll bouda (D:5)
  An orc priest (D:5)
  An iguana (D:4)
  3 orc wizards
  6 gnolls
  2 adders (D:2)
  2 shadow imps (D:5)
  A worm (D:4)
  7 orcs
  5 bats
  7 endoplasms
  2 giant cockroaches
  5 hobgoblins
  9 jackals
  A quokka (D:1)
  6 ball pythons
  3 frilled lizards
  5 goblins
  5 kobolds
  5 rats
80 creatures vanquished.

Vanquished Creatures (collateral kills)
  Pikel (D:4)
  A scorpion (D:4)
  A gnoll (D:2)
  An ufetubus (D:5)
  A quokka (D:4)
5 creatures vanquished.

Vanquished Creatures (others)
  2 demonic plants (D:3)
  3 fungi (D:3)
  2 plants (D:3)
7 creatures vanquished.

Grand Total: 92 creatures vanquished

Notes
Turn   | Place    | Note
-------+----------+-------------------------------------------
     0 | D:1      | ragingrage the Demonspawn Chaos Knight began the quest for
                  | the Orb.
     0 | D:1      | Reached XP level 1. HP: 18/18 MP: 1/1
   100 | D:1      | Reached skill level 3 in Axes
   111 | D:1      | Gained mutation: Spells you cast may paralyse adjacent
                  | enemies. [demonic ancestry]
   111 | D:1      | Reached XP level 2. HP: 19/24 MP: 2/2
   197 | D:1      | XOM: silly message
   224 | D:1      | XOM: silly message
   269 | D:1      | XOM: divination: detect items
   726 | D:1      | XOM: silly message
   776 | D:1      | XOM: noise
   834 | D:2      | Gained mutation: You are partially covered in slimy green
                  | scales. (AC +2) [demonic ancestry]
   834 | D:2      | Reached XP level 3. HP: 7/29 MP: 3/3
  1212 | D:2      | Reached skill level 4 in Axes
  1391 | D:2      | XOM: give mutations
  1391 | D:2      | Gained mutation: Your flesh is cold resistant. (rC+) [Xom's
                  | grace]
  1391 | D:2      | Gained mutation: You have a pair of small antennae on your
                  | head. [Xom's grace]
  1391 | D:2      | Gained mutation: Your movements are slightly less
                  | encumbered by armour. (ER -2) [Xom's grace]
  1391 | D:2      | Gained mutation: Your flesh is heat resistant. (rF+) [Xom's
                  | grace]
  1485 | D:2      | XOM: scenery: create altars
  1677 | D:2      | XOM: 2-stop teleportation journey
  1866 | D:3      | Found a faded altar of an unknown god.
  2199 | D:2      | XOM: enchant monster (good)
  2217 | D:2      | Gained mutation: You have large cloven feet. [demonic
                  | ancestry]
  2217 | D:2      | Reached XP level 4. HP: 35/35 MP: 4/4
  2333 | D:3      | XOM: 4-stop teleportation journey
  2463 | D:3      | XOM: give mutations
  2463 | D:3      | Gained mutation: Your body sometimes deteriorates upon
                  | taking damage. [Xom's mischief]
  2463 | D:3      | Lost mutation: Your flesh is cold resistant. (rC+) [Xom's
                  | mischief]
  2463 | D:3      | Lost mutation: Your flesh is heat resistant. (rF+) [Xom's
                  | mischief]
  2463 | D:3      | Gained mutation: You are dopey. (Int -2) [Xom's mischief]
  2679 | D:3      | XOM: torment (19/35 hp)
  3029 | D:2      | XOM: summons friendly quasit
  3043 | D:2      | Reached skill level 5 in Axes
  3058 | D:2      | XOM: god gift: 4 curare-tipped darts
  3220 | D:4      | Noticed a scorpion
  3223 | D:4      | XOM: cast spell 'Call Canine Familiar'
  3226 | D:4      | Killed a scorpion
  3227 | D:4      | Reached XP level 5. HP: 41/41 MP: 5/5
  3231 | D:4      | Found a shadowy altar of Dithmenos.
  3248 | D:4      | XOM: 4-stop teleportation journey
  3292 | D:4      | Noticed Pikel
  3292 | D:4      | Noticed a lemure
  3292 | D:4      | Noticed a lemure
  3292 | D:4      | Noticed a lemure
  3292 | D:4      | Noticed a lemure
  3302 | D:4      | Killed Pikel
  3303 | D:4      | Reached skill level 7 in Axes
  3303 | D:4      | Reached XP level 6. HP: 47/47 MP: 6/6
  3303 | D:4      | Gained mutation: You may rarely emit foul miasma when
                  | damaged in melee. [demonic ancestry]
  3303 | D:4      | Reached XP level 7. HP: 52/52 MP: 7/7
  3375 | D:4      | XOM: 2-stop teleportation journey
  3506 | D:4      | Found a shimmering altar of Xom.
  3835 | D:4      | Reached skill level 8 in Axes
  4061 | D:4      | XOM: god gift: wand of roots (3)
  4116 | D:4      | XOM: summons 4 hostile demons
  4382 | D:5      | Entered Level 5 of the Dungeon
  4616 | D:5      | Reached skill level 9 in Axes
  4616 | D:5      | Gained mutation: You sometimes emit foul miasma when
                  | damaged in melee. [demonic ancestry]
  4616 | D:5      | Reached XP level 8. HP: 42/58 MP: 8/8
  4618 | D:5      | XOM: summons friendly crimson imp
  4720 | D:5      | XOM: summons friendly ynoxinul
  4743 | D:5      | Killed from afar by an orc priest

Illustrated notes

Levels and vault maps discovered:
D:1:      saegor_arrival_under_anarchy, layout_rooms
D:2:      layout_rooms
D:3:      layout_loops_ring, mainiacjoe_overflow_alcove_2,
          shapermc_ecumenical_altar_gd, minmay_splitting_lines,
          wad_floor_pattern_untrapped, saegor_snake_ambush
D:4:      layout_loops_corners, grunt_dithmenos_smoke, lemuel_crystal_altar,
          uniq_pikel
D:5:      layout_loops_corners, nemelex_dance_club_becter, enter_ossuary_4,
          chequers_serial_rivers_micro_b, chequers_mini_garden

Skill      XL: |  1  2  3  4  5  6  7 |
---------------+----------------------+-----
Axes           | 3 4 5 7 9 |  9.2
Fighting       | |  3.0
Armour         | |  1.7
Dodging        | |  0.8

Action                   |  1- 3 |  4- 6 |  7- 9 || total
-------------------------+-------+-------+-------++-------
Melee: Hand axe          |   168 |    11 |       ||   179
       Punch             |     1 |       |     2 ||     3
       War axe           |       |    18 |    71 ||    89
       Kick              |       |     6 |    27 ||    33
       Dagger            |       |       |    31 ||    31
 Fire: Sling             |       |       |     4 ||     4
Throw: Dart              |       |     2 |    11 ||    13
Evoke: Piece from Xom's  |       |       |     1 ||     1
  Use: Scroll            |     7 |       |       ||     7
       Potion            |       |       |     2 ||     2
 Stab: Petrified         |     9 |       |       ||     9
Armor: Leather armour    |    74 |    12 |    32 ||   118
       Skin              |       |       |    23 ||    23
Dodge: Dodged            |   101 |    19 |    47 ||   167

Table legend: (Time is in decaauts)
 A = Elapsed time spent in this place.
 B = Non-inter-level travel time spent in this place.
 C = Inter-level travel time spent in this place.
 D = Time resting spent in this place.
 E = Time spent auto-exploring this place.
 F = Levels seen in this place.
 G = Mean time per level.
                   A        B        C        D        E       F      G
               +--------+--------+--------+--------+--------+-----+--------+
         Total |   4789 |   4577 |    212 |    668 |   2968 |   5 |  957.8 |
       Dungeon |   4789 |   4577 |    212 |    668 |   2968 |   5 |  957.8 |
               +--------+--------+--------+--------+--------+-----+--------+

Top non-repeatable levels by time:
     D:2: 1255 daAuts
     D:4: 1161 daAuts
     D:3: 1072 daAuts
     D:1: 938 daAuts
     D:5: 361 daAuts
